AoeStats
← ❀ MÔssieur Grobiz ❀

Arabia

504842958Analyzed
2v2 RM · 26d ago on Sep 6, 2026· 54m 34s· 4 players
Game mode
Random Map
Map size
Medium (4 player)
Population
200
Speed
Normal
Resources
Standard
Victory
Conquest
Starting age
Dark Age
Ending age
Imperial Age
RankedLock teamsTeams togetherTeam positionsShared explorationLock speedFull tech treeHidden civsTurbo modeCheats
Victory
Defeat
🇫🇷 Poles · France
1042
+16
🇫🇷 Maya · France
1026
+16
🇫🇷 Goths · France
1035
-16
1030
-16
Furluk
6:44 Loom
9:17 Feudal Age
11:09 Double-Bit Axe
11:31 Horse Collar
12:53 Man-at-Arms
13:36 Scale Mail Armor
15:20 Wheelbarrow
22:33 Castle Age
22:10 Fletching
22:20 Padded Archer Armor
22:31 Forging
22:46 Long Swordsman
26:24 Chain Mail Armor
27:01 Gold Mining
27:16 Heavy Plow
27:29 Bow Saw
26:53 Elite Skirmisher
27:31 Bodkin Arrow
27:59 Stone Mining
28:30 Leather Archer Armor
30:56 Stone Shaft Mining
31:01 Iron Casting
32:10 Ballistics
31:46 Murder Holes
32:20 Pikeman
33:52 Town Watch
35:15 Anarchy
36:24 Hand Cart
41:39 Imperial Age
41:54 Two-Handed Swordsman
43:38 Blast Furnace
45:00 Onager
46:50 Chemistry
45:19 Champion
48:58 Halberdier
❀ MÔssieur Grobiz ❀
7:44 Loom
9:41 Feudal Age
10:20 Man-at-Arms
11:30 Double-Bit Axe
12:55 Scale Mail Armor
18:01 Forging
23:25 Castle Age
23:12 Fletching
23:22 Padded Archer Armor
23:41 Elite Skirmisher
23:46 Pikeman
24:26 Squires
24:56 Bodkin Arrow
25:32 Bow Saw
28:10 Chain Mail Armor
28:31 Iron Casting
29:47 Wheelbarrow
28:58 Horse Collar
29:11 Gold Mining
29:43 Leather Archer Armor
30:26 Arson
34:46 Gold Shaft Mining
37:44 Hand Cart
41:43 Bloodlines
41:33 Husbandry
41:41 Scale Barding Armor
46:46 Imperial Age
44:33 Hand Cart
45:23 Thumb Ring
46:35 Chain Barding Armor
46:58 Long Swordsman
49:13 Plate Mail Armor
50:29 Ring Archer Armor
52:37 Heavy Plow
A.
1:17 Loom
9:29 Feudal Age
27:35 Castle Age
26:58 Horse Collar
27:07 Double-Bit Axe
27:15 Gold Mining
27:18 Stone Mining
27:48 Fletching
27:59 Padded Archer Armor
27:59 Crossbowman
30:10 Thumb Ring
34:45 Ballistics
34:30 Bodkin Arrow
34:53 Leather Archer Armor
36:40 Wheelbarrow
38:15 Bow Saw
40:27 Heavy Plow
41:04 Stone Shaft Mining
44:10 Imperial Age
46:05 Arbalester
48:04 Ring Archer Armor
47:34 Bracer
J.
7:39 Loom
10:13 Feudal Age
10:52 Double-Bit Axe
21:41 Castle Age
22:32 Scale Barding Armor
23:22 Bow Saw
24:31 Husbandry
24:44 Bloodlines
26:04 Forging
26:17 Chain Barding Armor
28:21 Wheelbarrow
32:26 Forging
36:14 Iron Casting
35:39 Scale Mail Armor
35:02 Man-at-Arms
35:44 Squires
39:02 Imperial Age
36:21 Long Swordsman
38:08 Chain Mail Armor
40:30 Plate Mail Armor
41:19 Chemistry
41:39 Crossbowman
42:24 Thumb Ring
43:14 Ballistics
42:46 Arbalester
43:32 Fletching
43:56 Cavalier
49:27 Blast Furnace
51:57 Conscription
51:49 Szlachta Privileges
Connection lost

Rejoining the realm…

Still unreachable

The connection could not be restored.

Session expired

The server has moved on; the page needs a fresh start.